 Dungeon Crawl Stone Soup version 0.20.0-7-g3b7b877 (webtiles) character file.

276 KSB the Chopper (level 6, 0/32 HPs)
             Began as a Vine Stalker Berserker on May 29, 2017.
             Was a Believer of Trog.
             Succumbed to a worker ant's poison
             ... on level 4 of the Dungeon.
             The game lasted 00:09:49 (3349 turns).

KSB the Chopper (Vine Stalker Berserker)            Turns: 3349, Time: 00:09:50

Health: 0/32       AC:  6    Str: 21    XL:     6   Next: 25%
Magic:  5/7        EV: 10    Int:  7    God:    Trog [**....]
Gold:   233        SH:  0    Dex: 14    Spells: 5/5 levels left

rFire    . . .     SeeInvis .   p - +0 war axe
rCold    . . .     Gourm    .   (no shield)
rNeg     . . .     Faith    .   q - +0 scale mail
rPois    .         Spirit   +   (no helmet)
rElec    .         Reflect  .   (no cloak)
rCorr    .         Harm     .   (no gloves)
MR       .....                  (no boots)
Stlth    +.........             (no amulet)
Regen    0.5/turn               (no ring)
MPRegen  0.1/turn               (no ring)

@: lethally poisoned (0 -> -2), berserk cooldown, slowed, very slow
A: fangs 2, regeneration 1, magic shield, antimagic bite, no potion heal 3, rot
immunity
a: Berserk, Trog's Hand, Burn Spellbooks, Renounce Religion


You were on level 4 of the Dungeon.
You worshipped Trog.
Trog was pleased with you.
You were very hungry.

You visited 1 branch of the dungeon, and saw 4 of its levels.

You collected 233 gold pieces.

Inventory:

Hand Weapons
 p - a +0 war axe (weapon)
 r - a +0 mace
Armour
 b - a +1 animal skin
 q - a +0 scale mail (worn)
Jewellery
 j - a +3 ring of slaying {unknown}
 k - an uncursed ring of wizardry {unknown}
 l - a cursed ring of teleportation {unknown}
Scrolls
 g - a scroll of blinking
 o - a scroll of enchant armour
 s - 3 scrolls of identify {unknown}
 t - a scroll of random uselessness {unknown}
 w - 2 scrolls of teleportation {unknown}
Potions
 a - a potion of lignification {unknown}
 e - a potion of magic {unknown}
 h - a potion of haste {unknown}
 i - a potion of brilliance {unknown}
 m - a potion of invisibility {unknown}
 n - a potion of flight {unknown}
 u - a potion of degeneration {unknown}
 v - a potion of mutation {unknown}
 x - 2 potions of heal wounds
Comestibles
 c - 4 bread rations
 d - 6 royal jellies
 f - a meat ration
 z - a chunk of flesh


   Skills:
 - Level 2.6 Fighting
 + Level 5.3 Axes
 - Level 1.5 Armour
 - Level 1.5 Dodging
 + Level 4.1 Stealth


You had 5 spell levels left.
You didn't know any spells.

Dungeon Overview and Level Annotations

Branches:
Dungeon (4/15)
 Temple: D:4-7

Altars:
Zin


Innate Abilities, Weirdness & Mutations

You have extremely sharp teeth.
Your natural rate of healing is unusually fast.
When hurt, damage is shared between your health and your magic reserves.
Your bite disrupts and absorbs the magic of your enemies.
Potions cannot restore your health.
You are immune to rotting.


Message History

You feel sick. The gnoll barely misses you.
You are no longer berserk.
You are exhausted.
You feel yourself slow down. The gnoll hits you but does no damage.
You barely miss the gnoll. You bite the gnoll. You drain its power.
You feel invigorated.
The gnoll is lightly wounded.
* * * LOW HITPOINT WARNING * * *
You feel very sick. The gnoll closely misses you.
The gnoll hits you with a spear.
* * * LOW HITPOINT WARNING * * *
Some of the chunks of flesh in your inventory have rotted away.
You slash the gnoll!
You kill the gnoll!
Trog accepts your kill.
* * * LOW HITPOINT WARNING * * *
You feel sick.
There is a lethal amount of poison in your body!
It was a potion of heal wounds.
That seemed strangely inert.
You die...

..........##. .
............#
............#.##
#........>....#
#.#...%.....# #
##............ ..
##.....)...# $..
.......@†..###....
.###...)..##...#
#......#..#
##.###.<.# #.
#...(...# #.
...#####.# . ##...
# ###. ..


There were no monsters in sight!

Vanquished Creatures
  An orc priest (D:3)
  A hound (D:3)
  A worker ant (D:4)
  4 gnolls (D:4)
  8 adders
  An ooze (D:2)
  2 worms (D:2)
  2 dart slugs (D:3)
  A leopard gecko (D:2)
  5 orcs (D:3)
  2 giant cockroaches (D:3)
  6 hobgoblins
  3 quokkas
  2 bats (D:2)
  12 frilled lizards
  10 goblins
  5 kobolds
  5 rats
71 creatures vanquished.

Notes
Turn   | Place    | Note
-------+----------+-------------------------------------------
     0 | D:1      | KSB the Vine Stalker Berserker began the quest for the Orb.
     0 | D:1      | Reached XP level 1. HP: 11/11 MP: 2/2
    50 | D:1      | Reached skill level 1 in Stealth
   425 | D:1      | Reached XP level 2. HP: 10/16 MP: 3/3
  1066 | D:1      | Reached skill level 3 in Axes
  1090 | D:2      | Reached XP level 3. HP: 6/19 MP: 2/4
  2167 | D:2      | Reached ** piety under Trog
  2167 | D:2      | Gained mutation: Your natural rate of healing is unusually fast. [Vine Stalker growth]
  2167 | D:2      | Reached XP level 4. HP: 17/23 MP: 5/5
  2241 | D:2      | Reached skill level 4 in Axes
  2554 | D:3      | Reached XP level 5. HP: 27/27 MP: 6/6
  2930 | D:3      | Found a glowing silver altar of Zin.
  3268 | D:3      | Found a faded altar of an unknown god.
  3332 | D:4      | Reached skill level 5 in Axes
  3342 | D:4      | Reached XP level 6. HP: 20/32 MP: 4/7
  3348 | D:4      | HP: 1/32 [poisoned by a worker ant]
  3349 | D:4      | Succumbed to a worker ant's poison

Skill      XL: |  1  2  3  4  5  6 |
---------------+-------------------+-----
Stealth        | 1 2 3 4 |  4.1
Axes           | 3 4 5 |  5.3
Fighting       | |  2.6
Armour         | |  1.5
Dodging        | |  1.5

Action                   |  1- 3 |  4- 6 || total
-------------------------+-------+-------++-------
Melee: Hand axe          |    85 |    25 ||   110
       Bite              |    22 |    24 ||    46
       War axe           |       |    53 ||    53
Invok: Berserk           |     3 |     2 ||     5
  Use: Scroll            |     4 |       ||     4
       Potion            |     2 |     1 ||     3
 Stab: Sleeping          |     2 |     2 ||     4
       Distracted        |       |     1 ||     1
  Eat: Chunk             |     7 |     4 ||    11
Armor: Animal skin       |    20 |     2 ||    22
       Scale mail        |       |    18 ||    18
Dodge: Dodged            |    54 |    46 ||   100
